 Dungeon Crawl Stone Soup version 0.19.1-28-ge1247f7 (console) character file.

137445 Kloppie the Fencer (level 16, -2/267 HPs)
             Began as a Pale Draconian Berserker on Jan 21, 2017.
             Was a High Priest of Trog.
             Slain by a naga warrior
             ... wielding a +0 glaive
              (6 damage)
             ... on level 2 of the Snake Pit on Jan 22, 2017.
             The game lasted 00:52:44 (35243 turns).

Kloppie the Fencer (Pale Draconian Berserker)      Turns: 35243, Time: 00:52:45

Health: -2/267     AC: 16    Str: 24    XL:     16   Next: 69%
Magic:  16/16      EV: 28    Int: 12    God:    Trog [*****.]
Gold:   2010       SH:  4    Dex: 18    Spells: 0 memorised, 15 levels left

rFire  + . .     SeeInvis .     a - +6 great sword {slice, rF+ rN+ Int+4}
rCold  + . .     Gourm    .     (armour unavailable)
rNeg   + . .     Faith    .     (shield currently unavailable)
rPois  .         Spirit   .     m - +1 hat
rElec  .         Reflect  +     L - +1 cloak {rC+}
rCorr  .         Harm     .     U - +0 pair of gloves (curse)
MR     +....                    T - +2 pair of boots {run}
Stlth  ..........               M - +4 amulet of reflection
                                u - +3 ring of evasion
                                A - +5 ring of evasion

@: berserking, constricted, very quick
A: breathe steam, unfitting armour, robust 1, cold-blooded, subdued magic 1, AC
+9
a: Breathe Steam, Berserk, Trog's Hand, Brothers in Arms, Burn Spellbooks,
Renounce Religion


You were on level 2 of the Snake Pit.
You worshipped Trog.
Trog was extremely pleased with you.
You were not hungry.

You visited 5 branches of the dungeon, and saw 28 of its levels.
You also visited: Labyrinth and Ice Cave.

You collected 2465 gold pieces.
You spent 455 gold pieces at shops.

Inventory:

Hand Weapons
 a - the +6 great sword of Righteous Fury (weapon) {slice, rF+ rN+ Int+4}
   (You found it on level 1 of the Swamp)

   It inflicts extra damage upon your enemies.
   It affects your intelligence (+4).
   It protects you from fire.
   It protects you from negative energy.
 b - a +3 great sword of flaming
 J - a +2 great sword of freezing
 S - a +6 great sword of holy wrath
Armour
 l - a +2 cloak of invisibility
 m - a +1 hat (worn)
 L - a +1 cloak of cold resistance (worn)
 T - a +2 pair of boots of running (worn)
 U - a cursed +0 pair of gloves (worn)
Jewellery
 i - an uncursed ring of positive energy
 t - an uncursed amulet of faith
 u - a +3 ring of evasion (right hand)
 A - a +5 ring of evasion (left hand)
 M - a +4 amulet of reflection (around neck)
 N - an uncursed amulet of regeneration
Wands
 q - a wand of digging (10/24)
 B - a wand of teleportation (9/9)
 H - a wand of lightning (10/15)
Scrolls
 h - 5 scrolls of teleportation
 j - 4 scrolls of fear
 o - 11 scrolls of remove curse
 y - a scroll of enchant weapon
 z - 3 scrolls of recharging
 C - 2 scrolls of enchant armour
 D - 3 scrolls of noise
 F - 2 scrolls of blinking
 G - 2 scrolls of magic mapping
 K - 4 scrolls of identify
 P - a scroll of brand weapon
Potions
 c - 3 potions of curing
 e - a potion of brilliance
 f - 2 potions of haste
 g - a potion of flight
 k - 6 potions of might
 p - 2 potions of agility
 r - a potion of invisibility
 E - 3 potions of resistance
 I - a potion of cure mutation
Comestibles
 d - 6 beef jerkies
 s - 16 bread rations
 v - 10 meat rations
 w - 9 royal jellies
 x - 21 fruits


   Skills:
 + Level 19.7 Fighting
 - Level 20.0 Long Blades
 - Level 13.3 Dodging


You had 15 spell levels left.
You didn't know any spells.

Dungeon Overview and Level Annotations

Branches:
Dungeon (15/15)            Temple (0/1) D:4            Lair (6/6) D:8
  Swamp (3/4) Lair:3        Snake (2/4) Lair:2        Slime (0/5) Lair:5
    Orc (2/2) D:11            Elf (0/3) Orc:2        Vaults (0/5) D:13
 Depths (0/5) D:15

Altars:
Fedhas
Trog
Beogh
Jiyva

Shops:
D:9 !!*   Orc:1 *!   Orc:2 (**=   Snake:2 %[:!

Annotations:
Lair:2 exclusion: 2 oklob plants
Lair:4 exclusion: oklob plant


Innate Abilities, Weirdness & Mutations

You can breathe blasts of scalding, opaque steam.
Your pale cyan-grey scales are hard. (AC +9)
You cannot fit into any form of body armour.
You are cold-blooded and may be slowed by cold attacks.
You are robust. (+10% HP)
Your spells are a little easier to cast, but a little less powerful.


Message History

* * * LOW HITPOINT WARNING * * *
The shock serpent shoots out a bolt of lightning at you!
The bolt of electricity hits you!
* * * LOW HITPOINT WARNING * * *
You closely miss the shock serpent. You tail-slap the shock serpent.
The shock serpent is almost dead.
The shock serpent's electric aura discharges, shocking you!
* * * LOW HITPOINT WARNING * * *
The shock serpent shoots out a bolt of lightning at you!
The bolt of electricity hits you!
* * * LOW HITPOINT WARNING * * *
The naga warrior hits you with a glaive.
* * * LOW HITPOINT WARNING * * *
The naga warrior grabs you.
* * * LOW HITPOINT WARNING * * *
The naga warrior constricts you.
A red film seems to cover your vision as you go berserk!
You feel yourself moving faster!
You feel mighty!
You feel a lot more hungry. The shock serpent misses you.
The naga warrior completely misses you.
You die...

##....#...
##.........
##.........#
##.........#
##.........#
###.........#
......N.(...#
......S@....#
....#####...##
. ##...# #.
#...## #.. ..
#....##...
..##
##.......#
#..##
#......##
...## #.....##
#### #...#
#.....# #...


You could see a naga warrior and a shock serpent.

Vanquished Creatures
  2 thorn hunters
  A nagaraja (Snake:2)
  A fire giant (D:15)
  A frost giant (IceCv)
  The ghost of Kloppie the Impaler, a journeyman MfBe of Trog (IceCv)
  Louise (D:14)
  4 dire elephants (Lair:6)
  An ettin (Orc:1)
  The ghost of Kloppie the Impaler, a journeyman MfBe of Trog (Lair:4)
  A minotaur (Lab)
  Snorg (D:11)
  8 vault guards (D:13)
  A catoblepas (D:13)
  14 hydras
  3 naga warriors (Snake:1)
  4 anacondas
  7 centaur warriors
  Erica (Lair:2)
  The ghost of loom the Destroyer, a journeyman DECj of Vehumet (D:11)
  10 alligators
  Urug (D:14)
  4 shock serpents (Snake:1)
  5 naga sharpshooters
  Sonja (D:13)
  4 skeletal warriors (D:14)
  An unseen horror (D:15)
  A spriggan druid (Swamp:2)
  4 shambling mangroves
  3 naga ritualists
  A lindwurm (shapeshifter) (D:14)
  3 orc knights
  A necromancer (Lair:6)
  14 hill giants
  A wolf spider (D:15)
  3 ugly things (D:14)
  7 mana vipers
  A manticore (D:11)
  2 salamanders
  An oklob plant (Lair:2)
  3 orc sorcerers (Orc:1)
  4 elephants (Lair:6)
  A cyclops (D:14)
  2 molten gargoyles (Lair:4)
  Maurice (Orc:2)
  The ghost of Nox the Skirmisher, a novice MiAK of Lugonu (D:6)
  A guardian serpent (Snake:1)
  14 black mambas
  A torpor snail (Lair:6)
  6 naga magi
  Psyche (D:8)
  3 ice statues (IceCv)
  8 spiny frogs
  3 rime drakes
  2 komodo dragons
  2 ice devils (D:12)
  2 tengu conjurers (D:15)
  A polar bear (shapeshifter) (D:13)
  4 trolls
  3 meliai (D:14)
  10 hornets
  A queen bee (D:14)
  14 polar bears
  3 tyrant leeches
  3 two-headed ogres
  Prince Ribbit (D:6)
  4 slime creatures (Swamp:2)
  16 blink frogs
  4 hippogriffs
  7 bog bodies
  2 shadows
  A wraith (D:15)
  A water elemental (D:14)
  2 wyverns
  40 yaks
  3 basilisks
  12 vampire mosquitoes
  2 wargs
  3 hungry ghosts
  A mottled dragon (D:14)
  10 swamp worms
  14 insubstantial wisps
  8 nagas
  A soldier ant (D:9)
  2 hell hounds (D:8)
  Duvessa (D:6)
  11 water moccasins
  4 porcupines
  21 orc warriors
  4 swamp drakes
  An eye of draining (D:11)
  3 ice beasts
  2 black bears
  A necrophage (D:13)
  A phantom (D:11)
  2 sky beasts
  14 wolves
  16 ogres
  21 centaurs
  10 crocodiles
  21 bullfrogs
  An earth elemental (Lab)
  Dowan (D:6)
  A wyvern skeleton (D:9)
  7 jellies
  2 scorpions
  A water moccasin skeleton (D:8)
  35 killer bees
  5 wights (D:13)
  3 howler monkeys
  5 electric eels
  6 crimson imps
  5 lava snakes (Lair:4)
  2 bullfrog zombies
  2 quasits
  2 centaur zombies
  A bullfrog skeleton (D:5)
  6 centaur skeletons
  9 hounds
  A gnoll shaman (D:5)
  11 orc priests
  4 iguanas
  15 orc wizards
  Jessica (D:3)
  11 worker ants
  5 polar bear simulacra (Lair:6)
  A yak simulacrum (Lair:6)
  2 wolf simulacra (Lair:6)
  A hound skeleton (D:9)
  2 worker ant zombies
  A howler monkey zombie (D:10)
  7 gnolls
  19 adders
  3 shadow imps
  An ooze (D:1)
  6 worms
  2 dart slugs
  9 leopard geckos
  49 orcs
  4 bats
  6 giant cockroaches
  4 goblins
  3 hobgoblins (D:2)
  8 jackals
  6 kobolds
  3 quokkas
  2 ball pythons
  7 frilled lizards
  A giant cockroach zombie (D:5)
  2 jackal skeletons
  2 leopard gecko skeletons (D:4)
  12 rats
  3 river rat simulacra (Lair:6)
  4 briar patches
  5 plants
800 creatures vanquished.

Vanquished Creatures (others)
  Nessos (D:13)
  A wizard (D:15)
  An orc warrior (Orc:2)
  A centaur (Orc:2)
  3 fungi
  5 plants
12 creatures vanquished.

Grand Total: 812 creatures vanquished

Notes
Turn   | Place    | Note
-------+----------+-------------------------------------------
     0 | D:1      | Kloppie the Draconian Berserker began the quest for the Orb.
     0 | D:1      | Reached XP level 1. HP: 19/19 MP: 1/1
   342 | D:1      | Reached XP level 2. HP: 26/27 MP: 2/2
   773 | D:2      | Reached XP level 3. HP: 33/33 MP: 3/3
   825 | D:2      | Reached ** piety under Trog
  1137 | D:2      | Reached XP level 4. HP: 36/41 MP: 4/4
  1203 | D:2      | Reached skill level 4 in Long Blades
  1419 | D:3      | Noticed a sky beast
  1425 | D:3      | Killed a sky beast
  1425 | D:3      | Reached skill level 5 in Fighting
  1425 | D:3      | Reached XP level 5. HP: 48/48 MP: 5/5
  1694 | D:3      | Noticed Jessica
  1700 | D:3      | Killed Jessica
  1700 | D:3      | Reached *** piety under Trog
  1930 | D:3      | Reached skill level 5 in Long Blades
  1930 | D:3      | Reached XP level 6. HP: 57/57 MP: 6/6
  2889 | D:4      | Your scales start taking on a pale cyan-grey colour.
  2889 | D:4      | Reached XP level 7. HP: 64/64 MP: 7/7
  3064 | D:4      | Found a staircase to the Ecumenical Temple.
  3190 | D:5      | Entered Level 5 of the Dungeon
  3297 | D:5      | Reached skill level 6 in Long Blades
  3782 | D:5      | Reached **** piety under Trog
  4046 | D:6      | Noticed Prince Ribbit
  4068 | D:6      | Killed Prince Ribbit
  4068 | D:6      | Reached skill level 7 in Long Blades
  4068 | D:6      | Reached XP level 8. HP: 72/74 MP: 8/8
  4191 | D:6      | Noticed Duvessa
  4192 | D:6      | Noticed Dowan
  4201 | D:6      | Killed Duvessa
  4210 | D:6      | Killed Dowan
  4253 | D:6      | Found a blossoming altar of Fedhas.
  4505 | D:6      | Noticed Nox's ghost (novice MiAK)
  4520 | D:6      | Killed Nox's ghost
  4520 | D:6      | Reached skill level 8 in Long Blades
  4733 | D:7      | Reached XP level 9. HP: 85/85 MP: 9/9
  5033 | D:7      | Reached skill level 10 in Fighting
  5468 | D:7      | Reached skill level 9 in Long Blades
  5796 | D:8      | Gained mutation: You are robust. (+10% HP) [potion of mutation]
  5796 | D:8      | Gained mutation: Your spells are a little easier to cast, but a little less powerful. [potion of mutation]
  5878 | D:8      | Reached skill level 10 in Long Blades
  6178 | D:8      | Found a staircase to the Lair.
  6206 | D:7      | Reached ***** piety under Trog
  6658 | D:8      | Noticed Psyche
  6668 | D:8      | Killed Psyche
  7133 | D:8      | Reached skill level 5 in Dodging
  7133 | D:8      | Reached XP level 10. HP: 72/102 MP: 10/10
  8197 | D:9      | Found Muoll's Assorted Antiques.
  8204 | D:9      | Bought a scroll labeled QAUFUO OFUTU for 18 gold pieces
  8255 | D:9      | Received a gift from Trog
  8283 | D:9      | Paralysed by a hornet for 3 turns
  8632 | D:9      | Found Beduiwu's Distillery.
  8636 | D:9      | Reached skill level 11 in Long Blades
  8685 | D:9      | You fall through a shaft for 2 floors!
  8685 | D:11     | Noticed a hill giant
  8704 | D:11     | Killed a hill giant
  8749 | D:11     | Noticed a hill giant
  8895 | D:10     | Entered Level 10 of the Dungeon
  9122 | D:9      | Reached skill level 12 in Long Blades
  9416 | D:9      | Found Zuonak Omoff's Distillery.
  9420 | D:9      | Bought a potion of cure mutation for 300 gold pieces
  9420 | D:9      | Bought a potion of degeneration for 12 gold pieces
  9707 | D:10     | Noticed a hill giant
  9727 | D:10     | Killed a hill giant
  9912 | D:10     | Found Etzuhiov's Food Shoppe.
 10159 | D:10     | Found a roughly hewn altar of Beogh.
 10252 | D:10     | Reached skill level 13 in Long Blades
 10440 | D:11     | Noticed loom's ghost (journeyman DECj)
 10444 | D:11     | Killed a hill giant
 10444 | D:11     | Reached XP level 11. HP: 74/108 MP: 11/11
 10448 | D:11     | Killed loom's ghost
 10902 | Lair:1   | Entered Level 1 of the Lair of Beasts
 10914 | Lair:1   | Found a labyrinth entrance.
 10943 | Lair:1   | Reached skill level 14 in Long Blades
 10952 | Lab      | Entered a labyrinth
 11334 | Lab      | Noticed a minotaur
 11344 | Lab      | Killed a minotaur
 11442 | Lab      | Identified Sif Muna's Handbook of Conjuration and Protection
 11442 | Lab      | Identified the Reference Book on Self-Improvement
 11460 | Lair:1   | Got a faintly glowing brass ring
 11461 | Lair:1   | Identified the ring "Verphenno" {Wiz Str+3} (You found it on level 1 of the Lair of Beasts)
 11901 | Lair:1   | Reached skill level 15 in Long Blades
 12525 | Lair:1   | Received a gift from Trog
 12687 | Lair:1   | Reached XP level 12. HP: 102/116 MP: 12/12
 12939 | Lair:2   | Reached skill level 16 in Long Blades
 13342 | Lair:2   | Noticed Erica
 13349 | Lair:2   | Killed Erica
 13878 | Lair:2   | Noticed a seven-headed hydra
 13885 | Lair:2   | Killed a two-headed hydra
 13910 | Lair:2   | Found a staircase to the Snake Pit.
 14301 | Lair:3   | Found a staircase to the Swamp.
 15821 | Lair:4   | Noticed Kloppie's ghost (journeyman MfBe)
 15839 | Lair:4   | Killed Kloppie's ghost
 16580 | D:11     | Found a staircase to the Orcish Mines.
 16666 | D:11     | Noticed Snorg
 16679 | D:11     | Killed Snorg
 16884 | D:11     | Received a gift from Trog
 17096 | Orc:1    | Entered Level 1 of the Orcish Mines
 17102 | Orc:1    | Reached XP level 13. HP: 123/127 MP: 13/13
 17234 | Orc:1    | Found Yliutui's General Store.
 17341 | Orc:1    | Noticed an ettin
 17349 | Orc:1    | Killed an ettin
 17626 | Orc:2    | Entered Level 2 of the Orcish Mines
 17626 | Orc:2    | Found a staircase to the Elven Halls.
 17628 | Orc:2    | Paralysed by an orc sorcerer for 3 turns
 17978 | Orc:1    | Found Uwot's Distillery.
 18793 | Orc:2    | Reached skill level 17 in Long Blades
 19608 | Orc:2    | Noticed Maurice
 19802 | Orc:2    | Killed Maurice
 19889 | Orc:2    | Found a roughly hewn altar of Beogh.
 19989 | Orc:2    | Found Lourudos's Assorted Antiques.
 19989 | Orc:2    | Found Plog's General Store.
 19991 | Orc:2    | Found Ziavi Lyku's Jewellery Emporium.
 19993 | Orc:2    | Found Ferr's Antique Weapon Boutique.
 19997 | Orc:2    | Bought a glowing silvery potion for 32 gold pieces
 19998 | Orc:2    | Bought a scroll of identify for 26 gold pieces
 20000 | Orc:2    | Bought a cursed ring of teleportation for 67 gold pieces
 20978 | Lair:5   | Found a viscous altar of Jiyva.
 20978 | Lair:5   | Found a staircase to the Slime Pits.
 21374 | Lair:6   | Entered Level 6 of the Lair of Beasts
 21410 | Lair:6   | Reached skill level 18 in Long Blades
 21748 | Lair:6   | Received a gift from Trog
 22659 | Lair:6   | Reached XP level 14. HP: 108/136 MP: 14/14
 22706 | Lair:6   | Reached skill level 19 in Long Blades
 23592 | D:12     | Found a frozen archway.
 23687 | IceCv    | Entered an ice cave
 23687 | IceCv    | Noticed Kloppie's ghost (journeyman MfBe)
 23705 | IceCv    | Killed Kloppie's ghost
 24353 | IceCv    | Noticed a frost giant
 24389 | IceCv    | Killed a frost giant
 24389 | IceCv    | Received a gift from Trog
 24389 | IceCv    | Reached skill level 20 in Long Blades
 25173 | D:12     | Identified a +0 pair of boots of running (You found it on level 12 of the Dungeon)
 26202 | D:13     | Found a gate to the Vaults.
 26251 | D:13     | Reached skill level 15 in Fighting
 26353 | D:13     | Noticed Sonja
 26367 | D:13     | Killed Sonja
 26847 | D:13     | Reached XP level 15. HP: 146/157 MP: 15/15
 26936 | D:13     | Noticed Nessos
 26956 | D:13     | Killed Nessos
 27810 | D:14     | Noticed Louise
 27833 | D:14     | Killed Louise
 28065 | D:14     | You fall through a shaft!
 28065 | D:15     | Entered Level 15 of the Dungeon
 28082 | D:15     | Received a gift from Trog
 28179 | D:14     | Noticed Urug
 28195 | D:14     | Killed Urug
 28954 | D:15     | Reached skill level 10 in Dodging
 28977 | D:15     | Found a staircase to the Depths.
 28977 | D:15     | Noticed a fire giant
 28994 | D:15     | Killed a fire giant
 29540 | D:15     | Found a bloodstained altar of Trog.
 30059 | Swamp:1  | Entered Level 1 of the Swamp
 30178 | Swamp:1  | Noticed a thorn hunter
 30193 | Swamp:1  | Killed a thorn hunter
 30626 | Swamp:1  | Got an ichor-stained great sword
 30640 | Swamp:1  | Identified the +6 great sword of Righteous Fury {slice, rF+ rN+ Int+4} (You found it on level 1 of the Swamp)
 30980 | Swamp:2  | Noticed a thorn hunter
 30991 | Swamp:2  | Killed a thorn hunter
 30998 | Swamp:2  | Received a gift from Trog
 31688 | Swamp:2  | Reached XP level 16. HP: 155/172 MP: 16/16
 33075 | Snake:1  | Entered Level 1 of the Snake Pit
 33736 | Snake:1  | Received a gift from Trog
 34568 | Snake:2  | Found Edecrero's Food Shoppe.
 34569 | Snake:2  | Found Magg's Book Emporium.
 34569 | Snake:2  | Found Afulatea's Armour Shoppe.
 34578 | Snake:2  | Found Wuphos's Distillery.
 35242 | Snake:2  | HP: 5/178 [naga warrior/glaive (4)]
 35242 | Snake:2  | HP: 2/178 [naga warrior/glaive (3)]
 35243 | Snake:2  | Slain by a naga warrior

Skill      XL: |  1  2  3  4  5  6  7  8  9 10 11 12 13 14 15 16 |
---------------+-------------------------------------------------+-----
Fighting       | 4 5 6 8 9 10 11 15 18 19 | 19.7
Long Blades    | 4 5 7 8 10 13 15 16 18 20 | 20.0
Dodging        | 5 6 9 12 13 | 13.3

Action                   |  1- 3 |  4- 6 |  7- 9 | 10-12 | 13-15 | 16-18 || total
-------------------------+-------+-------+-------+-------+-------+-------++-------
Melee: Falchion          |   104 |   162 |   391 |   386 |       |       ||  1043
       Tailslap          |    15 |    18 |    78 |   167 |   253 |    66 ||   597
       Great sword       |       |       |       |   411 |  1116 |   319 ||  1846
       Scimitar          |       |       |       |     5 |    53 |       ||    58
Invok: Berserk           |       |     4 |    11 |    13 |    13 |     2 ||    43
       Trog's Hand       |       |       |     1 |     4 |    13 |     2 ||    20
 Abil: Breathe Steam     |       |       |     1 |     1 |     1 |     1 ||     4
Evoke: Wand              |       |       |       |       |     1 |       ||     1
  Use: Scroll            |       |       |    11 |    15 |    14 |       ||    40
       Potion            |       |       |     2 |     8 |     7 |       ||    17
 Stab: Distracted        |     1 |       |       |     1 |     1 |       ||     3
       Sleeping          |     1 |     3 |       |     2 |       |     1 ||     7
       Invisible         |       |       |       |       |     5 |       ||     5
  Eat: Chunk             |     1 |     8 |    19 |    41 |    57 |     6 ||   132
       Pizza             |       |       |     2 |       |       |       ||     2
       Meat ration       |       |       |     1 |     1 |       |     1 ||     3
       Royal jelly       |       |       |       |     3 |     4 |     1 ||     8
Armor: Skin              |    29 |    48 |   139 |   169 |   238 |    32 ||   655
Dodge: Dodged            |    70 |   103 |   295 |   535 |  1051 |   295 ||  2349
Block: Other             |       |       |       |    53 |   193 |    39 ||   285
       Reflection        |       |       |       |     1 |    29 |     2 ||    32
       Rpst.: Falchion   |    18 |    36 |    90 |    75 |       |       ||   219
       Great sword       |       |       |       |    81 |   192 |    68 ||   341
       Scimitar          |       |       |       |       |     8 |       ||     8
